Map: Ulrena

Players

Kachechka - Winner!

  • Race: Protoss Protoss
  • League: Bronze
  • Spawn Location: 11:00

zidar

  • Race: Zerg Zerg
  • League: Silver
  • Spawn Location: 7:00

VOD

Have the link to the VOD?

Description

Time

  • Played on: Jan. 11, 2016, 1:47 p.m.
  • Length: 10:02
Show
View Real Time Build Order
Export as new Build Order

Kachechka Protoss - Winner!

Build Orders:  

Get SALT Encoding   

  12  0:01  Probe (Chrono Boost)  
  13  0:12  Probe (Chrono Boost)  
  14  0:18  Pylon  
  14  0:22  Probe (Chrono Boost)  
  15  0:36  Probe (Chrono Boost)  
  15  0:40  Gateway  
  16  0:49  Probe (Chrono Boost)  
  17  0:54  Assimilator  
  17  1:04  Probe (Chrono Boost)  
  17  1:06  Assimilator  
  17  1:09  Assimilator  
  18  1:15  Probe (Chrono Boost)  
  19  1:24  Pylon  
  20  1:25  Probe (Chrono Boost)  
  20  1:34  Cybernetics Core  
  20  1:37  Pylon  
  20  1:38  Probe (Chrono Boost)  
  21  1:48  Probe (Chrono Boost)  
  22  2:06  Nexus, Probe (Chrono Boost)  
  23  2:13  Adept  
  25  2:20  Mothership Core (Chrono Boost)  
  27  2:29  Pylon  
  27  2:39  Gateway  
  27  2:56  Probe (Chrono Boost)  
  28  3:02  Stalker  
  30  3:06  Probe (Chrono Boost)  
  30  3:12  Gateway  
  31  3:15  Gateway  
  31  3:19  Pylon  
  31  3:21  Probe (Chrono Boost)  
  31  3:25  Probe (Chrono Boost)  
  33  3:32  Stalker  
  35  3:40  Stalker  
  37  3:47  Gateway  
  37  3:49  Probe (Chrono Boost)  
  37  3:52  Probe (Chrono Boost)  
  39  3:58  Warp Gate (Chrono Boost)  
  39  4:03  Pylon  
  39  4:06  Pylon  
  39  4:13  Probe  
  39  4:15  Probe  
  41  4:24  Probe, Assimilator  
  41  4:26  Assimilator  
  41  4:27  Probe  
  41  4:30  Adept  
  45  4:42  Stargate  
  45  4:43  Adept  
  47  4:46  Sentry  
  47  4:47  Sentry, Adept, Probe  
  47  4:50  Probe  
  55  5:05  Adept  
  57  5:34  Adept x2  
  57  5:35  Adept x3  
  65  5:37  Phoenix  
  65  5:42  Stargate  
  69  5:48  Robotics Facility, Probe  
  70  5:50  Probe  
  71  5:58  Probe  
  71  6:02  Probe  
  73  6:15  Phoenix  
  75  6:22  Adept  
  77  6:28  Pylon  
  77  6:33  Pylon  
  77  6:35  Pylon  
  77  6:42  Pylon  
  77  6:43  Gateway, Pylon  
  77  6:45  Warp Prism  
  77  6:46  Phoenix, Pylon  
  81  6:47  Gateway  
  79  7:09  Stalker x3  
  83  7:22  Observer  
  65  7:54  Adept x3  
  71  8:02  Phoenix x2  
  75  8:13  Pylon  
  75  8:15  Pylon  
  75  8:17  Probe, Pylon  
  75  8:19  Probe  
  77  8:28  Probe  
  77  8:31  Probe  
  77  8:53  Phoenix x2  
  79  9:02  Adept x5  
  87  9:03  Adept  
  87  9:07  Twilight Council  
  87  9:09  Gateway  
  95  9:49  Adept  
Show
View Real Time Build Order
Export as new Build Order

zidar Zerg 

Build Orders: Pool First 

Get SALT Encoding   

  12  0:01  Drone  
  13  0:12  Overlord  
  13  0:17  Drone  
  14  0:30  Drone x2  
  14  0:34  Drone  
  17  0:47  Spawning Pool  
  16  0:50  Drone  
  17  0:58  Extractor  
  17  1:14  Drone x2  
  19  1:23  Hatchery  
  18  1:27  Extractor  
  18  1:29  Drone  
  18  1:33  Overlord  
  18  1:43  Queen  
  18  1:47  Drone  
  21  2:05  Drone  
  21  2:06  Drone  
  23  2:12  Overlord  
  23  2:18  Queen  
  25  2:28  Drone  
  26  2:57  Overlord  
  25  3:04  Drone x4  
  25  3:05  Drone x3  
  32  3:09  Roach Warren  
  31  3:19  Zergling x2  
  32  3:20  Zergling x4  
  34  3:38  Zergling x2  
  34  3:39  Zergling x10  
  34  3:41  Metabolic Boost  
  40  3:56  Extractor  
  39  4:17  Hatchery  
  38  4:51  Drone x6  
  38  4:52  Overlord x2  
  44  4:53  Overlord x2  
  44  4:56  Lair  
  44  5:17  Roach  
  44  5:18  Roach x12  
  70  5:38  Queen  
  70  5:42  Drone x7  
  79  5:43  Drone x2  
  79  5:48  Overlord x2  
  81  5:54  Ravager  
  82  6:06  Ravager  
  82  6:07  Ravager x2  
  85  6:11  Zergling x2  
  85  6:12  Zergling x18  
  95  6:29  Ravager  
  95  6:30  Ravager  
  59  7:48  Zergling x22  
  59  7:49  Zergling x20  
  67  8:15  Extractor  
  66  8:20  Extractor  
  47  8:48  Roach x3  
  47  8:49  Roach x15  
  80  9:17  Spore Crawler  
Tags
 
Matchup
PvZ
Opening
Pool First
Spawn Locations
Close Positions
Add a new tag
Caveats
  • Supply blocks, unpowered buildings, or Contaminate may cause inaccurate times.
  • Supply counts are checked every 10 seconds.